 Dungeon Crawl Stone Soup version 0.23.1 (webtiles) character file.

Game seed: 0

2433 Luthien the Destroyer (level 9, -13/47 HPs)
             Began as a Deep Elf Wizard on Mar 16, 2019.
             Was a Believer of Vehumet.
             Mangled by an orc warrior
             ... wielding a +0 halberd
              (20 damage)
             ... on level 8 of the Dungeon.
             The game lasted 01:01:40 (10310 turns).

Luthien the Destroyer (Deep Elf Wizard)            Turns: 10310, Time: 01:01:40

Health: -13/47     AC:  6    Str:  4    XL:     9   Next: 24%
Magic:  22/24      EV: 14    Int: 28    God:    Vehumet [**....]
Gold:   389        SH:  0    Dex: 16    Spells: 19/27 levels left

rFire    . . .     SeeInvis +   G - +3 war axe of Soggor {pain, rElec SInv}
rCold    . . .     Gourm    .   (no shield)
rNeg     . . .     Faith    .   p - +0 robe
rPois    .         Spirit   .   b - +0 hat
rElec    +         Reflect  .   m - +2 cloak
rCorr    .         Harm     .   (no gloves)
MR       .....                  y - +0 pair of boots
Stlth    +++.......             x - amulet of magic regeneration
HPRegen  0.15/turn              u - +4 ring of intelligence
MPRegen  0.44/turn              (no ring)

@: about to teleport
A: no striking features
a: Renounce Religion


You were on level 8 of the Dungeon.
You worshipped Vehumet.
Vehumet was pleased with you.
You were hungry.

You visited 2 branches of the dungeon, and saw 9 of its levels.
You also visited: Sewer.

You collected 389 gold pieces.

Inventory:

Hand Weapons
 c - a -1 dagger
 f - a +1 dagger
 g - a +0 dagger
 G - the +3 war axe of Soggor (weapon) {pain, rElec SInv}
   (You found it on level 4 of the Dungeon)

   In the hands of one skilled in necromantic magic, it inflicts extra damage on
   living creatures.
   It insulates you from electricity.
   It lets you see invisible.
Missiles
 e - 105 stones (quivered)
 w - 152 arrows
 N - 25 poisoned needles
Armour
 a - a +0 robe
 b - a +0 hat (worn)
 m - a +2 cloak (worn)
 p - a +0 robe (worn)
 y - a +0 pair of boots (worn)
 L - a +0 robe
 O - a +0 cloak
Jewellery
 u - a +4 ring of intelligence (left hand)
 x - an amulet of magic regeneration (around neck)
 E - an uncursed ring of attention
Wands
 H - a wand of flame (24)
Scrolls
 h - 2 scrolls of teleportation
 k - a scroll of immolation {unknown}
 l - 4 scrolls of remove curse
 o - a scroll of enchant armour {unknown}
 r - 3 scrolls of enchant weapon
 s - a scroll of fear
 t - a scroll of noise
 v - a scroll of silence {unknown}
 I - a scroll of vulnerability {unknown}
 K - a scroll of magic mapping
Potions
 i - 2 potions of invisibility
 j - 2 potions of heal wounds {unknown}
 n - a potion of berserk rage {unknown}
 q - 8 potions of curing
 z - 4 potions of flight
 A - a potion of degeneration {unknown}
 B - 2 potions of haste {unknown}
 C - a potion of mutation {unknown}
 D - a potion of ambrosia {unknown}
 F - 2 potions of cancellation
 J - 5 potions of agility
 M - 2 potions of might {unknown}
 Q - a potion of brilliance {unknown}
Comestibles
 d - 12 rations


   Skills:
 - Level 1.0 Fighting
 - Level 4.0 Dodging
 - Level 5.3 Stealth
 + Level 9.9 Spellcasting
 - Level 10.1 Conjurations
 - Level 1.1 Summonings
 - Level 1.1 Translocations


You had 19 spell levels left.
You knew the following spells:

 Your Spells              Type           Power        Failure   Level  Hunger
a - Magic Dart            Conj           ####         1%          1    None
b - Blink                 Tloc           N/A          3%          2    None
c - Call Imp              Summ           ###.....     3%          2    None
d - Searing Ray           Conj           ######       1%          2    None
e - Summon Small Mammal   Summ           ###.         2%          1    None

Your spell library contained the following spells:

 Spells                   Type           Power        Failure   Level  Hunger
 Conjure Flame            Conj/Fire      #####...     1%          3    None
 Apportation              Tloc           ###...       2%          1    None
 Mephitic Cloud           Conj/Pois/Air  ####....     3%          3    None
 Animate Skeleton         Necr           N/A          4%          1    None
 Confusing Touch          Hex            ##....       4%          1    None
 Slow                     Hex            ##......     6%          2    None
 Gell's Gravitas          Tloc           ###.......   8%          3    None
 Confuse                  Hex            ##......     12%         3    None
 Petrify                  Tmut/Erth      ##......     38%         4    None
 Metabolic Englaciation   Hex/Ice        ##........   75%         5    ####...
 Yara's Violent Unravell  Hex/Tmut       ##........   75%         5    ####...


Dungeon Overview and Level Annotations

Branches:
Dungeon (8/15)             Temple (1/1) D:5            Lair (0/6) D:8

Altars:
Dithmenos
Elyvilon
Fedhas
Hepliaklqana
Kikubaaqudgha
Makhleb
Nemelex Xobeh
Okawaru
Qazlal
Ru
Sif Muna
Trog
Uskayaw
Vehumet
Wu Jian
Xom
Yredelemnul
The Shining One

Shops:
D:6 }   D:8 !

Annotations:
D:3 flying


Message History

The sky beast hits you. The sky beast shocks you. You resist.
The orc wizard casts a spell.
The orc wizard flickers and vanishes for a moment.
The orc warrior hits you from afar with a +0 halberd!!
* * * LOW HITPOINT WARNING * * *
The sky beast barely misses you.
Okay, then.
Unknown command.
Okay, then.
Casting: Summon Small Mammal (safe; 2% risk of failure)
Confirm with . or Enter, or press ? or * to list all spells.
You blink.
The adder hisses angrily.
The sky beast flickers out of sight for a moment.
The black bear barely misses your crimson imp.
The black bear claws your crimson imp. x2
As you read the scroll of teleportation, it crumbles to dust.
You feel strangely unstable.
The orc warrior hits you from afar with a +0 halberd!!
You die...

##.#.......## #.
#. .....##o###
####) #. #..
##.#####.... #..
.. #..#...h.###
#..
###.###....#####
#..##...#...####
###
..#...#.#...h##
##..
......O.#o5### ...
#S@.o.Y#####.#
#....#.....ยง.#..#
#.###....###.>.#
.. #..#..###..## .
.)..#...#..##
##.#.........###
..!
#...$###.O.######
..#### ##
>........#b<##...
.....
..................


You could see a two-headed ogre, an orc warrior, a black bear, a sky beast
(invisible), an orc wizard (invisible), an adder and a friendly crimson imp.

Vanquished Creatures
  A hippogriff (D:8)
  A steam dragon (D:4)
  4 ice beasts
  A sky beast (D:7)
  3 bullfrogs
  A scorpion (D:4)
  2 killer bees (D:7)
  A howler monkey (D:4)
  2 centaur zombies (D:5)
  2 crimson imps
  2 bullfrog zombies
  A hound (D:5)
  4 orc wizards
  Jessica (D:3)
  2 iguanas
  3 worker ants
  A hound skeleton (D:2)
  10 adders
  7 river rats (Sewer)
  An ooze (Sewer)
  An adder skeleton (D:6)
  A dart slug (D:1)
  2 leopard geckos
  17 orcs
  6 ball pythons (Sewer)
  2 bats
  3 giant cockroaches
  4 hobgoblins
  6 jackals
  18 kobolds
  3 frilled lizards
  3 goblins
  16 rats
132 creatures vanquished.

Vanquished Creatures (collateral kills)
  A hippogriff (D:8)
  2 ice beasts
  An orc warrior (D:6)
  An ogre (D:7)
  A centaur (D:4)
  A water moccasin zombie (D:5)
  A scorpion (D:4)
  3 killer bees (D:7)
  A crimson imp (D:6)
  2 hounds
  An orc wizard (D:4)
  2 worker ants (D:4)
  A river rat (Sewer)
  2 orcs
  A kobold (Sewer)
  3 rats (Sewer)
24 creatures vanquished.

Vanquished Creatures (others)
  A bush (D:4)
1 creature vanquished.

Grand Total: 157 creatures vanquished

Notes
Turn   | Place    | Note
-------+----------+-------------------------------------------
     0 | D:1      | Luthien the Deep Elf Wizard began the quest for the Orb.
     0 | D:1      | Reached XP level 1. HP: 10/10 MP: 7/7
   248 | D:1      | Reached skill level 2 in Conjurations
   505 | D:1      | Reached XP level 2. HP: 15/15 MP: 5/9
   513 | D:1      | Learned a level 2 spell: Blink
   516 | D:1      | Learned a level 2 spell: Call Imp
   978 | D:2      | Reached skill level 3 in Conjurations
  1092 | D:2      | Reached XP level 3. HP: 19/19 MP: 4/10
  1340 | D:2      | Reached skill level 4 in Conjurations
  1649 | D:2      | Reached XP level 4. HP: 24/24 MP: 4/12
  1970 | D:3      | Found a burning altar of Makhleb.
  2016 | D:3      | HP: 1/24 [something/magic dart (6)]
  2539 | D:3      | Reached skill level 5 in Conjurations
  2671 | D:3      | Found a faded altar of an unknown god.
  3011 | D:3      | Noticed Jessica
  3015 | D:3      | Killed Jessica
  3015 | D:3      | Reached XP level 5. HP: 28/28 MP: 9/13
  3032 | D:3      | Found a deep blue altar of Sif Muna.
  3275 | D:4      | Noticed a +0 dagger
  3276 | D:4      | Found a hide-covered altar of Uskayaw.
  3276 | D:4      | Noticed a +0 dagger
  3325 | D:4      | Found a blossoming altar of Fedhas.
  3325 | D:4      | Noticed a centaur
  3560 | D:4      | Killed a centaur
  3560 | D:4      | Reached skill level 6 in Conjurations
  3717 | D:4      | Reached XP level 6. HP: 32/32 MP: 7/14
  3825 | D:4      | Found a glowing golden altar of the Shining One.
  3943 | D:4      | Found a glowing golden altar of the Shining One.
  4061 | D:4      | Reached skill level 7 in Conjurations
  4334 | D:4      | Noticed a steam dragon
  4359 | D:4      | Killed a steam dragon
  4359 | D:4      | Reached skill level 8 in Conjurations
  4589 | D:4      | Got a faintly glowing war axe
  4590 | D:4      | Identified the +3 war axe of Soggor {pain, rElec SInv} (You
                  | found it on level 4 of the Dungeon)
  4625 | D:4      | Reached XP level 7. HP: 29/36 MP: 9/15
  4998 | D:5      | Entered Level 5 of the Dungeon
  5142 | D:5      | Reached skill level 9 in Conjurations
  5475 | D:5      | Found a stormy altar of Qazlal.
  5579 | D:5      | Found a staircase to the Ecumenical Temple.
  5585 | Temple   | Entered the Ecumenical Temple
  5644 | Temple   | Became a worshipper of Vehumet
  5815 | D:5      | Reached skill level 10 in Conjurations
  5815 | D:5      | Reached XP level 8. HP: 25/41 MP: 10/16
  6458 | D:6      | Found a glowing drain.
  6474 | Sewer    | Entered a sewer
  6500 | Sewer    | Reached skill level 1 in Fighting
  6688 | Sewer    | Reached skill level 5 in Spellcasting
  6711 | Sewer    | Reached * piety under Vehumet
  6711 | Sewer    | Offered knowledge of Sting by Vehumet.
  8073 | D:6      | Found Lumn's Gadget Shoppe.
  8341 | D:7      | Reached skill level 5 in Stealth
  8460 | D:7      | Reached ** piety under Vehumet
  8460 | D:7      | Offered knowledge of Searing Ray by Vehumet.
  8464 | D:7      | Learned a level 2 spell: Searing Ray
  9033 | D:7      | Reached XP level 9. HP: 47/47 MP: 18/23
  9077 | D:7      | Found an ancient bone altar of Kikubaaqudgha.
  9522 | D:7      | Learned a level 1 spell: Summon Small Mammal
  9578 | D:8      | Found a sparkling altar of Nemelex Xobeh.
  9578 | D:8      | Found Teuta's Distillery.
  9860 | D:8      | Noticed a two-headed ogre
 10082 | D:8      | Found a staircase to the Lair.
 10310 | D:8      | Mangled by an orc warrior

Skill      XL: |  1  2  3  4  5  6  7  8  9 |
---------------+----------------------------+-----
Conjurations   | 2 3 4 5 6 8 10 | 10.1
Stealth        | 5 |  5.3
Dodging        | 4 |  4.0
Fighting       | 1 |  1.0
Spellcasting   | 8 9 |  9.9
Summonings     | |  1.1
Translocations | |  1.1

Action                   |  1- 3 |  4- 6 |  7- 9 || total
-------------------------+-------+-------+-------++-------
Melee: Dagger            |       |     1 |       ||     1
Throw: Stone             |     1 |       |       ||     1
 Cast: Magic Dart        |    70 |    96 |   284 ||   450
       Call Imp          |       |    28 |    76 ||   104
       Blink             |       |     5 |    10 ||    15
       Searing Ray       |       |       |     9 ||     9
       Summon Small Mamm |       |       |    16 ||    16
  Use: Scroll            |       |     2 |    11 ||    13
  Eat: Chunk             |     2 |     9 |    13 ||    24
       Ration            |       |       |     1 ||     1
Armor: Robe              |     1 |    12 |    25 ||    38
Dodge: Dodged            |     9 |    19 |    83 ||   111
